 Dungeon Crawl Stone Soup version 0.21.0 (webtiles) character file.

255 Hekarica the Insei (level 6, -12/41 HPs)
             Began as an Octopode Transmuter on May 20, 2018.
             Mangled by an ogre
             ... wielding a +0 giant club
              (16 damage)
             ... on level 4 of the Dungeon.
             The game lasted 00:14:09 (2981 turns).

Hekarica the Insei (Octopode Transmuter)            Turns: 2981, Time: 00:14:09

Health: -12/41     AC:  1    Str: 10    XL:     6   Next: 15%
Magic:  0/10       EV: 14    Int: 15    God:
Gold:   143        SH:  4    Dex: 14    Spells: 9/10 levels left

rFire    + . .     SeeInvis .     - Unarmed
rCold    . . .     Gourm    .   f - +0 buckler
rNeg     . . .     Faith    .   (helmet restricted)
rPois    .         Spirit   +   n - amulet of guardian spirit
rElec    .         Reflect  .   (no ring)
rCorr    .         Harm     .   (no ring)
MR       .....                  o - ring of protection from fire
Stlth    ++........             (no ring)
HPRegen  0.13/turn              (no ring)
MPRegen  0.12/turn              (no ring)
                                (no ring)
                                (no ring)

@: no status effects
A: almost no armour, stealthy swim, amphibious, 8 rings, constrict 8, camouflage
1, gelatinous body 1
a: no special abilities


You were on level 4 of the Dungeon.
You were not hungry.

You visited 1 branch of the dungeon, and saw 4 of its levels.

You collected 143 gold pieces.

Inventory:

Hand Weapons
 b - a +0 blowgun
Missiles
 a - 40 arrows
 u - 4 curare-tipped needles
 w - 11 poisoned needles
Armour
 f - a +0 buckler (worn)
Jewellery
 n - an amulet of guardian spirit (around mantle)
 o - a ring of protection from fire (on tentacle)
 r - an uncursed ring of fire
Wands
 m - a wand of flame (23)
Scrolls
 h - a scroll of remove curse
 l - 2 scrolls of teleportation
 q - 2 scrolls of fog {unknown}
Potions
 d - 2 potions of brilliance {unknown}
 e - 3 potions of might {unknown}
 g - 3 potions of agility {unknown}
 i - a potion of invisibility {unknown}
 j - a potion of haste {unknown}
 k - 2 potions of resistance {unknown}
 p - a potion of curing {unknown}
 s - a potion of lignification {unknown}
 t - a potion of degeneration {unknown}
Books
 v - a book of Changes

   Spells                             Type                      Level
   a - Beastly Appendage              Transmutation                1
   b - Sticks to Snakes               Transmutation                2
   c - Spider Form                    Transmutation/Poison         3
   d - Ice Form                       Ice/Transmutation            4
   e - Blade Hands                    Transmutation                5
Comestibles
 c - 8 rations


   Skills:
 + Level 2.5 Fighting
 + Level 3.0 Dodging
 - Level 0.1 Stealth
 + Level 2.1 Shields
 + Level 3.9 Unarmed Combat
 + Level 2.9 Spellcasting
 + Level 3.0 Transmutations


You had 9 spell levels left.
You knew the following spells:

 Your Spells              Type           Power        Failure   Level  Hunger
a - Beastly Appendage     Tmut           ##....       8%          1    #......


Dungeon Overview and Level Annotations

Branches:
Dungeon (4/15)
 Temple: D:4-7

Altars:


Innate Abilities, Weirdness & Mutations

You cannot wear most types of armour.
You are very stealthy in the water. (Stealth+)
You are amphibious.
You can wear up to eight rings at the same time.
You can use your tentacles to constrict eight enemies at once.
Your skin changes colour to match your surroundings (Stealth+).
Your rubbery body absorbs attacks. (AC +1, EV +1)


Message History

The ogre is heavily wounded.
The ogre hits you with a giant club!!
* * * LOW HITPOINT WARNING * * *
You tentacle-slap the ogre but do no damage.
You squeeze the ogre.
The ogre is heavily wounded.
You barely miss the ogre.
The ogre is heavily wounded.
The ogre closely misses you.
You tentacle-slap the ogre.
The ogre is severely wounded.
The ogre barely misses you.
You tentacle-slap the ogre.
The ogre is severely wounded.
You tentacle-slap the ogre but do no damage.
You pierce the ogre.
The ogre is almost dead.
Your tentacle spike disappears.
The ogre hits you with a giant club!!
You die...

[#
#.....#
.#
#.....#
#.....#
#.....#
#.....#
#.....#
#.....#
#.....#
#.@...#
#.O...#
#.(...#
#.(...#
#.....#
#.....#
#.....#
#.(...#


You could see an ogre.

Vanquished Creatures
  A scorpion (D:4)
  A crimson imp (D:4)
  Jessica (D:2)
  Natasha (D:2)
  A hound skeleton (D:4)
  6 adders
  An ooze (D:1)
  A leopard gecko (D:3)
  5 giant cockroaches
  4 goblins
  3 hobgoblins
  9 jackals
  A quokka (D:4)
  6 bats
  3 frilled lizards
  6 kobolds
  4 rats
54 creatures vanquished.

Notes
Turn   | Place    | Note
-------+----------+-------------------------------------------
     0 | D:1      | Hekarica the Octopode Transmuter began the quest for the Orb.
     0 | D:1      | Reached XP level 1. HP: 13/13 MP: 3/3
    91 | D:1      | Reached XP level 2. HP: 16/18 MP: 5/5
   509 | D:2      | Reached XP level 3. HP: 14/23 MP: 6/6
   828 | D:2      | Noticed Natasha
   834 | D:2      | Killed Natasha
   834 | D:2      | Reached skill level 1 in Shields
   834 | D:2      | Reached XP level 4. HP: 26/29 MP: 5/7
  1512 | D:2      | Noticed Jessica
  1521 | D:2      | Killed Jessica
  2042 | D:3      | Found a faded altar of an unknown god.
  2096 | D:3      | Reached XP level 5. HP: 33/34 MP: 6/8
  2864 | D:4      | Reached XP level 6. HP: 39/41 MP: 6/10
  2981 | D:4      | Mangled by an ogre

Skill      XL: |  1  2  3  4  5  6 |
---------------+-------------------+-----
Shields        | 1 2 |  2.1
Fighting       | 2 |  2.5
Dodging        | 3 |  3.0
Transmutations | 3 |  3.0
Stealth        | |  0.1
Unarmed Combat | |  3.9
Spellcasting   | |  2.9

Action                   |  1- 3 |  4- 6 || total
-------------------------+-------+-------++-------
Melee: Unarmed           |    49 |    91 ||   140
       Tentacles         |     7 |    20 ||    27
       Kick              |     5 |    18 ||    23
       Constrict         |    14 |    22 ||    36
       Punch             |       |     2 ||     2
 Fire: Blowgun           |       |     8 ||     8
 Cast: Beastly Appendage |     4 |    15 ||    19
  Use: Scroll            |     4 |     3 ||     7
 Stab: Sleeping          |     2 |     4 ||     6
  Eat: Ration            |       |     2 ||     2
Armor: Skin              |     5 |    10 ||    15
Dodge: Dodged            |    30 |    50 ||    80
Block: Buckler           |     7 |    21 ||    28
